 Dungeon Crawl Stone Soup version 0.21-a0-538-gd16b88a (webtiles) character file.

897 tidbits the Digger (level 8, -5/57 HPs)
             Began as a Gnoll Earth Elementalist on Dec 15, 2017.
             Slain by an orc warrior
             ... wielding a +0 dire flail
              (18 damage)
             ... on level 6 of the Dungeon.
             The game lasted 00:14:58 (1832 turns).

tidbits the Digger (Gnoll Earth Elementalist)       Turns: 1832, Time: 00:14:59

Health: -5/57      AC:  4    Str: 10    XL:     8   Next: 7%
Magic:  14/16      EV: 15    Int: 21    God:
Gold:   259        SH:  0    Dex: 15    Spells: 8/18 levels left

rFire    . . .     SeeInvis .   a - +0 war axe (venom)
rCold    + . .     Gourm    .   (no shield)
rNeg     . . .     Faith    .   v - +0 robe
rPois    .         Spirit   .   (no helmet)
rElec    .         Reflect  .   (no cloak)
rCorr    .         Harm     .   G - +0 pair of gloves
MR       .....                  F - +0 pair of boots
Stlth    +++.......             (no amulet)
HPRegen  0.19/turn              h - ring of protection from cold
MPRegen  0.15/turn              (no ring)

@: no status effects
A: distributed training, fangs 1, strong nose
a: no special abilities


You were on level 6 of the Dungeon.
You were not hungry.

You visited 1 branch of the dungeon, and saw 6 of its levels.

You collected 259 gold pieces.

Inventory:

Hand Weapons
 a - a +0 war axe of venom (weapon)
   (You found it on level 5 of the Dungeon)
 i - a +0 mace
 l - a +0 trident
 y - a +1 flail of draining
   (You took it off a gnoll on level 4 of the Dungeon)
 C - a +1 falchion of protection
   (You found it on level 5 of the Dungeon)
Missiles
 b - 84 stones (quivered)
 g - 23 bolts
 j - 117 arrows
 A - 8 javelins
Armour
 c - a +0 robe
 m - a +0 ring mail
 v - a +0 robe (worn)
 B - a +0 robe of fire resistance
   (You found it on level 1 of the Dungeon)
 F - a +0 pair of boots (worn)
 G - a +0 pair of gloves (worn)
Jewellery
 h - a ring of protection from cold (left hand)
   (You found it on level 1 of the Dungeon)
Scrolls
 k - a scroll of magic mapping {unknown}
 p - a scroll of amnesia {unknown}
 r - a scroll of teleportation
 t - a scroll of random uselessness {unknown}
 u - a scroll of immolation {unknown}
 x - a scroll of blinking {unknown}
Potions
 f - 2 potions of curing
 n - a potion of might {unknown}
 q - a potion of flight
 s - 2 potions of haste {unknown}
 w - a potion of mutation {unknown}
 z - a potion of resistance
 E - a potion of berserk rage
Books
 e - a book of Geomancy

   Spells                             Type                      Level
   a - Sandblast                      Earth                        1
   b - Passwall                       Transmutation/Earth          2
   c - Stone Arrow                    Conjuration/Earth            3
   d - Petrify                        Transmutation/Earth          4
   e - Lee's Rapid Deconstruction     Earth                        5
Comestibles
 d - 5 bread rations
 o - 4 fruits
 D - a meat ration


   Skills:
 + Level 2.8 Fighting
 + Level 2.8 Short Blades
 + Level 2.8 Long Blades
 + Level 2.8 Axes
 + Level 2.8 Maces & Flails
 + Level 2.8 Polearms
 + Level 2.8 Staves
 + Level 2.8 Slings
 + Level 2.8 Bows
 + Level 2.8 Crossbows
 + Level 2.8 Throwing
 + Level 2.8 Armour
 + Level 5.4 Dodging
 + Level 5.1 Stealth
 + Level 2.8 Shields
 + Level 2.8 Unarmed Combat
 + Level 5.8 Spellcasting
 + Level 2.3 Conjurations
 + Level 2.3 Hexes
 + Level 2.3 Charms
 + Level 2.3 Summonings
 + Level 2.3 Necromancy
 + Level 2.3 Translocations
 + Level 3.2 Transmutations
 + Level 2.3 Fire Magic
 + Level 2.3 Ice Magic
 + Level 2.3 Air Magic
 + Level 6.0 Earth Magic
 + Level 2.3 Poison Magic
 + Level 3.1 Invocations
 + Level 2.8 Evocations


You had 8 spell levels left.
You knew the following spells:

 Your Spells              Type           Power        Failure   Level  Hunger
a - Sandblast             Erth           ####..       1%          1    None
b - Petrify               Tmut/Erth      ####....     14%         4    ####...
t - Stone Arrow           Conj/Erth      ###...       5%          3    ##.....
w - Passwall              Tmut/Erth      ####......   2%          2    None


Dungeon Overview and Level Annotations

Branches:
Dungeon (6/15)
 Temple: D:4-7

Altars:
Fedhas
Hepliaklqana
Kikubaaqudgha
Qazlal
Sif Muna
Vehumet

Shops:
D:6 =


Innate Abilities, Weirdness & Mutations

Your experience applies equally to all skills.
You have very sharp teeth.
Your uncanny sense of smell can sniff out nearby items.


Message History

Adjust (i)tems, (s)pells, or (a)bilities?
Adjust which item? (? for menu, Esc to quit)
k - a +0 pair of gloves (worn)
Adjust to which letter? (? for menu, Esc to quit)
G - a +0 pair of gloves (worn);
k - a scroll labeled CIAFRI SEISYRE The phantom blinks!
You see here 27 arrows.
j - 117 arrows (gained 27)
The phantom blinks!
Casting: Sandblast
Confirm with . or Enter, or press ? or * to list all spells.
Aiming: Sandblast
Press: ? - help, Shift-Dir - straight line, f - phantom
Aim: a phantom The blast of sand hits the phantom.
The phantom is moderately damaged.
b - 87 stones The phantom hits you but does no damage.
You slash the phantom!
The phantom is heavily damaged.
The phantom hits you.
The phantom blinks!
Casting: Sandblast
Confirm with . or Enter, or press ? or * to list all spells.
Aiming: Sandblast
Press: ? - help, Shift-Dir - straight line, f/p - phantom
Aim: a phantom (heavily damaged)
The blast of sand hits the phantom.
The phantom is heavily damaged.
b - 86 stones You barely miss the phantom.
The phantom is heavily damaged.
The phantom closely misses you. x2
You hit the phantom.
The phantom is heavily damaged.
The phantom blinks!
Casting: Sandblast
Confirm with . or Enter, or press ? or * to list all spells.
You can't see any susceptible monsters within range! (Use Z to cast anyway.)
The phantom blinks!
You see here a scroll of identify.
As you read the scroll of identify, it crumbles to dust.
E - a potion of berserk rage
Casting: Sandblast
Confirm with . or Enter, or press ? or * to list all spells.
Aiming: Sandblast
Press: ? - help, Shift-Dir - straight line, f/p - phantom
Aim: a phantom (heavily damaged)
The blast of sand hits the phantom.
The phantom is almost destroyed.
b - 85 stones
Casting: Sandblast
Confirm with . or Enter, or press ? or * to list all spells.
Aiming: Sandblast
Press: ? - help, Shift-Dir - straight line, f/p - phantom
Aim: a phantom (almost destroyed)
The blast of sand hits the phantom.
You destroy the phantom!
Your Earth Magic skill increases to level 6!
You have reached level 8!
You feel clever.
b - 84 stones
Found a stone staircase leading up.
An orc wizard comes into view. It is wielding a dagger.
Found a brass ring.
An orc comes into view. It is wielding a falchion.
The orc closely misses you.
An orc warrior comes into view. It is wielding a dire flail.
The orc barely misses you.
There is a stone staircase leading up here.
You closely miss the orc wizard. You closely miss the orc.
The orc wizard closely misses you. The orc hits you with a falchion.
You hit the orc wizard but do no damage.
You hit the orc.
The orc is poisoned.
You kill the orc!
The orc wizard closely misses you.
You closely miss the orc wizard. The orc wizard barely misses you. x2
You closely miss the orc wizard.
The orc warrior shouts!
The orc wizard hits you with a dagger.
You hit the orc wizard.
The orc wizard is poisoned.
The orc wizard is moderately wounded.
The orc wizard gestures at you while chanting.
The puff of frost misses you.
The orc warrior hits you with a dire flail!!
You hit the orc warrior but do no damage.
The orc warrior is poisoned.
You closely miss the orc wizard.
The orc wizard hits you but does no damage.
The orc warrior barely misses you. The orc wizard barely misses you.
You hit the orc warrior but do no damage.
The orc warrior looks as sick as possible!
The orc warrior is lightly wounded.
You hit the orc wizard.
The orc wizard looks as sick as possible!
The orc wizard misses you.
The orc warrior hits you with a dire flail!!
* * * LOW HITPOINT WARNING * * *
You feel better. The orc wizard hits you with a dagger.
* * * LOW HITPOINT WARNING * * *
The orc warrior hits you with a dire flail!!
You die...

## #.# ### ...
########.###.# #
#.##.##......# ##
.##.##...# #oo..# .
#...##.... #.@..# .
##...##..#.##)...# ∆
###....##..##.#....###
.##....#..# #..........
..........###.##.#......
...#......##..##........
..###......#.###...#..#.
.W####............###...
...##....#..#.##..# ..#


You could see an orc warrior and an orc wizard.

Vanquished Creatures
  A water moccasin (D:6)
  A phantom (D:6)
  4 ogres
  A scorpion (D:5)
  A crimson imp (D:5)
  A hound (D:5)
  An orc priest (D:3)
  2 orc wizards (D:3)
  A worker ant (D:5)
  2 hound skeletons (D:4)
  2 adders
  3 gnolls (D:4)
  A shadow imp (D:5)
  An ooze (D:3)
  2 adder skeletons
  2 worms
  4 leopard geckos
  5 orcs
  2 ball pythons
  2 giant cockroaches
  5 goblins
  4 hobgoblins
  3 jackals (D:3)
  A kobold (D:2)
  A quokka (D:6)
  3 frilled lizards
  A quokka skeleton (D:4)
  9 rats
66 creatures vanquished.

Notes
Turn   | Place    | Note
-------+----------+-------------------------------------------
     0 | D:1      | tidbits the Gnoll Earth Elementalist began the quest for the Orb.
     0 | D:1      | Reached XP level 1. HP: 13/13 MP: 6/6
    69 | D:1      | Reached skill level 2 in Transmutations
    89 | D:1      | Reached XP level 2. HP: 19/19 MP: 3/7
    93 | D:1      | Learned a level 2 spell: Passwall
   408 | D:3      | Reached skill level 5 in Spellcasting
   408 | D:3      | Reached XP level 3. HP: 25/25 MP: 4/9
   414 | D:3      | Reached skill level 1 in Fighting
   414 | D:3      | Reached skill level 1 in Short Blades
   414 | D:3      | Reached skill level 1 in Long Blades
   414 | D:3      | Reached skill level 1 in Axes
   414 | D:3      | Reached skill level 1 in Maces & Flails
   414 | D:3      | Reached skill level 1 in Polearms
   414 | D:3      | Reached skill level 1 in Staves
   414 | D:3      | Reached skill level 1 in Slings
   414 | D:3      | Reached skill level 1 in Bows
   414 | D:3      | Reached skill level 1 in Crossbows
   414 | D:3      | Reached skill level 1 in Throwing
   414 | D:3      | Reached skill level 1 in Armour
   414 | D:3      | Reached skill level 1 in Shields
   414 | D:3      | Reached skill level 1 in Unarmed Combat
   414 | D:3      | Reached skill level 1 in Invocations
   414 | D:3      | Reached skill level 1 in Evocations
   416 | D:3      | Reached XP level 4. HP: 32/32 MP: 2/11
   468 | D:4      | Noticed an ogre
   481 | D:4      | Killed an ogre
   481 | D:4      | Reached skill level 1 in Conjurations
   481 | D:4      | Reached skill level 1 in Hexes
   481 | D:4      | Reached skill level 1 in Charms
   481 | D:4      | Reached skill level 1 in Summonings
   481 | D:4      | Reached skill level 1 in Necromancy
   481 | D:4      | Reached skill level 1 in Translocations
   481 | D:4      | Reached skill level 1 in Fire Magic
   481 | D:4      | Reached skill level 1 in Ice Magic
   481 | D:4      | Reached skill level 1 in Air Magic
   481 | D:4      | Reached skill level 1 in Poison Magic
   481 | D:4      | Reached XP level 5. HP: 37/37 MP: 0/12
   559 | D:3      | Found a hazy altar of Hepliaklqana.
   846 | D:3      | Found a deep blue altar of Sif Muna.
   863 | D:3      | Reached skill level 2 in Invocations
   863 | D:3      | Reached XP level 6. HP: 27/44 MP: 0/13
   994 | D:5      | Entered Level 5 of the Dungeon
  1173 | D:4      | Reached skill level 2 in Fighting
  1173 | D:4      | Reached skill level 2 in Short Blades
  1173 | D:4      | Reached skill level 2 in Long Blades
  1173 | D:4      | Reached skill level 2 in Axes
  1173 | D:4      | Reached skill level 2 in Maces & Flails
  1173 | D:4      | Reached skill level 2 in Polearms
  1173 | D:4      | Reached skill level 2 in Staves
  1173 | D:4      | Reached skill level 2 in Slings
  1173 | D:4      | Reached skill level 2 in Bows
  1173 | D:4      | Reached skill level 2 in Crossbows
  1173 | D:4      | Reached skill level 2 in Throwing
  1173 | D:4      | Reached skill level 2 in Armour
  1173 | D:4      | Reached skill level 5 in Dodging
  1173 | D:4      | Reached skill level 2 in Shields
  1173 | D:4      | Reached skill level 2 in Unarmed Combat
  1173 | D:4      | Reached skill level 2 in Evocations
  1178 | D:4      | Learned a level 3 spell: Stone Arrow
  1183 | D:4      | Learned a level 4 spell: Petrify
  1280 | D:4      | Found a radiant altar of Vehumet.
  1452 | D:6      | Found a stormy altar of Qazlal.
  1458 | D:6      | Found Vuommeu's Jewellery Shoppe.
  1515 | D:6      | Noticed a water moccasin
  1519 | D:6      | Killed a water moccasin
  1519 | D:6      | Reached XP level 7. HP: 50/50 MP: 11/15
  1628 | D:5      | Reached skill level 2 in Conjurations
  1628 | D:5      | Reached skill level 2 in Hexes
  1628 | D:5      | Reached skill level 2 in Charms
  1628 | D:5      | Reached skill level 2 in Summonings
  1628 | D:5      | Reached skill level 2 in Necromancy
  1628 | D:5      | Reached skill level 2 in Translocations
  1628 | D:5      | Reached skill level 2 in Fire Magic
  1628 | D:5      | Reached skill level 2 in Ice Magic
  1628 | D:5      | Reached skill level 2 in Air Magic
  1628 | D:5      | Reached skill level 2 in Poison Magic
  1632 | D:5      | Reached skill level 3 in Transmutations
  1649 | D:5      | Reached skill level 5 in Stealth
  1656 | D:5      | Found an ancient bone altar of Kikubaaqudgha.
  1681 | D:5      | Found a blossoming altar of Fedhas.
  1766 | D:6      | Reached skill level 3 in Invocations
  1813 | D:6      | Reached skill level 6 in Earth Magic
  1813 | D:6      | Reached XP level 8. HP: 54/57 MP: 10/16
  1832 | D:6      | Slain by an orc warrior

Vault maps used:
D:1:      saegor_arrival_simple_f
D:2:      first_bread
D:3:      marbit_many_paths, led_sif_book, uniq_natasha
D:4:      lemuel_coloured_pillars_altar
D:5:      lemuel_round_altar, fedhas_altar_1
D:6:      cheibrodos_steamvent, nicolae_dithmenos_shadow_blocks, serial_shops,
          nicolae_shop_temple_entry_statues_fountains, basic_altar

Skill      XL: |  1  2  3  4  5  6  7 |
---------------+----------------------+-----
Transmutations | 2 3 |  3.2
Spellcasting   | 5 |  5.8
Fighting       | 1 2 |  2.8
Short Blades   | 1 2 |  2.8
Long Blades    | 1 2 |  2.8
Axes           | 1 2 |  2.8
Maces & Flails | 1 2 |  2.8
Polearms       | 1 2 |  2.8
Staves         | 1 2 |  2.8
Slings         | 1 2 |  2.8
Bows           | 1 2 |  2.8
Crossbows      | 1 2 |  2.8
Throwing       | 1 2 |  2.8
Armour         | 1 2 |  2.8
Shields        | 1 2 |  2.8
Unarmed Combat | 1 2 |  2.8
Invocations    | 1 2 3 |  3.1
Evocations     | 1 2 |  2.8
Conjurations   | 1 2 |  2.3
Hexes          | 1 2 |  2.3
Charms         | 1 2 |  2.3
Summonings     | 1 2 |  2.3
Necromancy     | 1 2 |  2.3
Translocations | 1 2 |  2.3
Fire Magic     | 1 2 |  2.3
Ice Magic      | 1 2 |  2.3
Air Magic      | 1 2 |  2.3
Poison Magic   | 1 2 |  2.3
Dodging        | 5 |  5.4
Stealth        | 5 |  5.1
Earth Magic    | 6 |  6.0

Action                   |  1- 3 |  4- 6 |  7- 9 || total
-------------------------+-------+-------+-------++-------
Melee: Unarmed           |     1 |       |       ||     1
       Mace              |       |    27 |       ||    27
       Bite              |       |     1 |     2 ||     3
       War axe           |       |       |    28 ||    28
 Cast: Sandblast         |    20 |    60 |    18 ||    98
       Passwall          |     5 |    18 |     8 ||    31
       Stone Arrow       |       |     1 |     1 ||     2
  Use: Scroll            |       |     6 |     1 ||     7
       Potion            |       |       |     1 ||     1
 Stab: Sleeping          |     1 |       |       ||     1
  Eat: Chunk             |       |     2 |     1 ||     3
Armor: Robe              |       |     5 |    10 ||    15
Dodge: Dodged            |     9 |    34 |    37 ||    80

Table legend:
 A = Spawn XP
 B = Non-spawn XP
 C = Spawn XP percentage of total XP
 D = Spawn monster count
 E = Non-spawn monster count
 F = Spawn count percentage of total count
 G = Total turns spent on level
                    A         B        C        D         E        F      G
               +---------+---------+-------+---------+---------+-------+---------
         Total |       0 |    1282 |   0.0 |       0 |      66 |   0.0 |  1832
               +---------+---------+-------+---------+---------+-------+---------
           D:1 |       0 |      12 |   0.0 |       0 |       7 |   0.0 |   228
           D:2 |       0 |      26 |   0.0 |       0 |      10 |   0.0 |   334
           D:3 |       0 |     174 |   0.0 |       0 |      20 |   0.0 |   326
           D:4 |       0 |     337 |   0.0 |       0 |      14 |   0.0 |   408
           D:5 |       0 |     338 |   0.0 |       0 |      10 |   0.0 |   327
           D:6 |       0 |     395 |   0.0 |       0 |       5 |   0.0 |   209
               +---------+---------+-------+---------+---------+-------+---------

Table legend:
 A = Turns spent in this place as a percentage of turns spent in the entire game.
 B = Non-inter-level travel turns spent in this place as a percentage of non-inter-level travel turns spent in the entire game.
 C = Inter-level travel turns spent in this place as a percentage of turns spent in this place.
 D = Turns resting spent in this place as a percentage of non-inter-level travel turns spent in this place.
 E = Turns spent auto-exploring this place as a percentage of non-inter-level travel turns spent in this place.
 F = Non-inter-level travel turns spent in this place divided by the number of levels of this place that you've seen.
                   A       B       C       D       E      F
               +-------+-------+-------+-------+-------+----------------------
         Total | 100.0 | 100.0 |   0.6 |   0.0 |   0.0 | 303.5
       Dungeon | 100.0 | 100.0 |   0.6 |   0.0 |   0.0 | 303.5
               +-------+-------+-------+-------+-------+----------------------

Table legend:
 A = Kills in this place as a percentage of kills in entire the game.
 B = Kills by you in this place as a percentage of kills by you in the entire game.
 C = Kills by friends in this place as a percentage of kills by friends in the entire game.
 D = Other kills in this place as a percentage of other kills in the entire game.
 E = Experience gained in this place as a percentage of experience gained in the entire game.
 F = Experience gained in this place divided by the number of levels of this place that you have seen.
                   A       B       C       D       E      F
               +-------+-------+-------+-------+-------+----------------------
         Total | 100.0 | 100.0 |   N/A |   N/A | 100.0 | 213.7
       Dungeon | 100.0 | 100.0 |   N/A |   N/A | 100.0 | 213.7
               +-------+-------+-------+-------+-------+----------------------

Vault maps used:
D:1:      saegor_arrival_simple_f
D:2:      first_bread
D:3:      marbit_many_paths, led_sif_book, uniq_natasha
D:4:      lemuel_coloured_pillars_altar
D:5:      lemuel_round_altar, fedhas_altar_1
D:6:      cheibrodos_steamvent, nicolae_dithmenos_shadow_blocks, serial_shops,
          nicolae_shop_temple_entry_statues_fountains, basic_altar
